 Dungeon Crawl Stone Soup version 0.20-a0-369-g71b9d6e (webtiles) character file.

5967 AlphabetPasta the Frost Mage (level 10, 0/46 HPs)
             Began as a Vine Stalker Ice Elementalist on Dec 26, 2016.
             Was a Priest of Vehumet.
             Slain by a quasit (1 damage)
             ... while paralysed by a hornet
             ... on level 10 of the Dungeon on Dec 27, 2016.
             The game lasted 01:08:45 (12152 turns).

AlphabetPasta the Frost Mage (VSIE)                Turns: 12152, Time: 01:08:45

Health: 0/46       AC:  7    Str: 10    XL:     10   Next: 84%
Magic:  0/22       EV:  2    Int: 20    God:    Vehumet [***...]
Gold:   714        SH:  0    Dex: 16    Spells: 2/23 levels left

rFire  . . .     SeeInvis .     x - +0 hand axe (elec)
rCold  . . .     Gourm    .     C - +2 robe {MR+}
rNeg   . . .     Faith    .     n - +2 buckler
rPois  .         Spirit   +     F - +0 helmet
rElec  .         Reflect  .     (no cloak)
rCorr  .         Harm     .     (no gloves)
MR     ++...                    v - +1 pair of boots
Stlth  ++........               (no amulet)
                                B - ring of wizardry
                                e - +2 ring of intelligence

@: paralysed, about to teleport, slowed
A: fangs 3, regeneration 1, magic shield, antimagic bite, no potion heal 3, rot
immunity
a: Renounce Religion


You were on level 10 of the Dungeon.
You worshipped Vehumet.
Vehumet was most pleased with you.
You were hungry.

You visited 2 branches of the dungeon, and saw 11 of its levels.
You also visited: Bailey.

You collected 714 gold pieces.

Inventory:

Hand Weapons
 x - a +0 hand axe of electrocution (weapon)
Missiles
 r - 34 tomahawks of returning
 y - 6 javelins (quivered)
Armour
 a - a +0 robe
 n - a +2 buckler (worn)
 t - a +1 robe of fire resistance
 v - a +1 pair of boots (worn)
 C - a +2 robe of magic resistance (worn)
 F - a +0 helmet (worn)
Magical Staves
 w - an uncursed staff of earth
Jewellery
 e - a +2 ring of intelligence (left hand)
 B - a ring of wizardry (right hand)
 D - an uncursed ring of flight
Wands
 o - a wand of lightning (5/15)
 z - a wand of lightning (7/15)
Scrolls
 j - 3 scrolls of enchant armour
 l - 2 scrolls of magic mapping
 p - 2 scrolls of remove curse
 A - 2 scrolls of teleportation
 I - a scroll of amnesia
Potions
 d - 2 potions of invisibility
 f - 4 potions of curing
 g - a potion of flight {unknown}
 h - 2 potions of ambrosia
 i - a potion of might
 k - 2 potions of lignification
 u - a potion of berserk rage {unknown}
 H - a potion of agility
Books
 b - a book of Frost

   Spells                             Type                      Level
   a - Freeze                         Ice                          1
   b - Throw Frost                    Conjuration/Ice              2
   c - Ozocubu's Armour               Charms/Ice                   3
   d - Throw Icicle                   Conjuration/Ice              4
   e - Summon Ice Beast               Ice/Summoning                4
 G - a book of Minor Magic

   Spells                             Type                      Level
   a - Magic Dart                     Conjuration                  1
   b - Blink                          Translocation                2
   c - Call Imp                       Summoning                    2
   d - Repel Missiles                 Charms/Air                   2
   e - Slow                           Hexes                        2
   f - Conjure Flame                  Conjuration/Fire             3
   g - Mephitic Cloud                 Conjuration/Poison/Air       3
Miscellaneous
 E - a lamp of fire
Comestibles
 c - 4 bread rations
 m - a meat ration
 q - 8 chunks of flesh
 s - 4 beef jerkies


   Skills:
 + Level 2.0 Fighting
 - Level 1.0 Staves
 - Level 2.0 Dodging
 - Level 2.4 Stealth
 - Level 4.7 Shields
 + Level 7.4 Spellcasting
 + Level 6.6 Conjurations
 * Level 10.6 Ice Magic
 * Level 3.2 Earth Magic
 - Level 1.0 Evocations


You had 2 spell levels left.
You knew the following spells:

 Your Spells              Type           Power        Failure   Level  Hunger
a - Freeze                Ice            ####         1%          1    None
b - Throw Frost           Conj/Ice       #####.       1%          2    None
c - Ozocubu's Armour      Chrm/Ice       ####....     1%          3    #......
d - Throw Icicle          Conj/Ice       #####...     1%          4    ###....
e - Summon Ice Beast      Ice/Summ       ####....     4%          4    ###....
f - Throw Flame           Conj/Fire      ###...       1%          2    None
g - Apportation           Tloc           #.........   4%          1    None
h - Petrify               Tmut/Erth      ##......     28%         4    ###....


Dungeon Overview and Level Annotations

Branches:
Dungeon (10/15)            Temple (1/1) D:4
   Lair: D:8-11         Orc: D:9-12

Altars:
Ashenzari
Cheibriados
Dithmenos
Elyvilon
Fedhas
Gozag
Hepliaklqana
Kikubaaqudgha
Makhleb
Nemelex Xobeh
Okawaru
Qazlal
Ru
Sif Muna
Trog
Uskayaw
Vehumet
Xom
Yredelemnul
Zin
The Shining One
Lugonu

Shops:
D:8 %   D:9 :


Innate Abilities, Weirdness & Mutations

You have razor-sharp teeth.
Your natural rate of healing is unusually fast.
When hurt, damage is shared between your health and your magic reserves.
Your bite disrupts and absorbs the magic of your enemies.
Potions cannot restore your health.
You are immune to rotting.


Message History

Your system rejects the healing.
You feel better. The hornet closely misses you.
The quasit bites you but does no damage.
The quasit claws you but does no damage.
The quasit claws you.
* * * LOW HITPOINT WARNING * * *
You block the hornet's attack.
As you read the scroll of teleportation, it crumbles to dust.
You feel strangely unstable. The hornet barely misses you.
The quasit bites you but does no damage.
The quasit misses you. You block the quasit's attack. The hornet stings you!
* * * LOW HITPOINT WARNING * * *
You suddenly lose the ability to move!
The quasit bites you but does no damage.
The quasit claws you but does no damage. x2
The hornet stings you.
* * * LOW HITPOINT WARNING * * *
You feel as though you will be slow longer.
The quasit bites you.
You die...

#............+
#............#
###............#
+..............+
#####..........#
#..........+
#..........#
####........
#@.......
#y5......
#........
#........
#........
.....#### .....#
......


You could see a hornet and a quasit.

Vanquished Creatures
  A two-headed ogre (D:9)
  Pikel (D:4)
  A troll (D:9)
  A hippogriff (D:5)
  2 hungry ghosts
  2 water moccasins
  An ice beast (D:5)
  6 orc warriors
  2 sky beasts
  A black bear (D:8)
  2 slaves (D:4)
  A necrophage (D:7)
  6 ogres
  A phantom (D:8)
  2 centaurs
  5 bullfrogs
  2 big kobolds
  A gnoll sergeant (D:7)
  A scorpion (D:7)
  8 wights
  A howler monkey (D:5)
  3 crimson imps
  A bullfrog zombie (D:6)
  2 jellies (D:5)
  A quasit (D:8)
  4 orc priests
  2 hounds
  A gnoll shaman (D:6)
  2 iguanas (D:4)
  16 orc wizards
  4 worker ants
  A hound zombie (D:8)
  2 hound skeletons (D:6)
  A worker ant zombie (D:6)
  5 adders
  10 gnolls
  4 shadow imps
  2 adder skeletons
  5 worms
  3 dart slugs
  5 leopard geckos
  28 orcs
  5 bats
  5 giant cockroaches
  14 goblins
  5 hobgoblins
  22 jackals
  48 kobolds
  A quokka (D:4)
  A ball python (D:3)
  4 frilled lizards
  A jackal skeleton (D:8)
  A quokka skeleton (D:7)
  3 rats
  4 plants (D:4)
264 creatures vanquished.

Vanquished Creatures (others)
  3 goblins (Bailey)
3 creatures vanquished.

Grand Total: 267 creatures vanquished

Notes
Turn   | Place    | Note
-------+----------+-------------------------------------------
     0 | D:1      | AlphabetPasta the Vine Stalker Ice Elementalist began the quest for the Orb.
     0 | D:1      | Reached XP level 1. HP: 9/9 MP: 4/4
   325 | D:1      | Reached XP level 2. HP: 13/13 MP: 3/6
   332 | D:1      | Learned a level 2 spell: Throw Frost
   949 | D:2      | Found a glowing golden altar of the Shining One.
   986 | D:2      | Found a sacrificial altar of Ru.
   990 | D:2      | Found a stormy altar of Qazlal.
   991 | D:2      | Found a hide-covered altar of Uskayaw.
   991 | D:2      | Found a shimmering altar of Xom.
   991 | D:2      | Found a deep blue altar of Sif Muna.
   991 | D:2      | Found a burning altar of Makhleb.
   992 | D:2      | Found a blossoming altar of Fedhas.
   994 | D:2      | Found a bloodstained altar of Trog.
   996 | D:2      | Found a shattered altar of Ashenzari.
   997 | D:2      | Found a basalt altar of Yredelemnul.
  1049 | D:2      | Reached XP level 3. HP: 16/16 MP: 2/7
  1054 | D:2      | Learned a level 3 spell: Ozocubu's Armour
  1212 | D:1      | Reached skill level 4 in Ice Magic
  1812 | D:3      | Gained mutation: Your natural rate of healing is unusually fast. [Vine Stalker growth]
  1812 | D:3      | Reached XP level 4. HP: 17/21 MP: 3/9
  2219 | D:3      | Reached XP level 5. HP: 24/24 MP: 3/10
  2456 | D:3      | Found a snail-covered altar of Cheibriados.
  2480 | D:3      | Found a shadowy altar of Dithmenos.
  2610 | D:3      | Reached skill level 5 in Ice Magic
  2945 | D:4      | Learned a level 4 spell: Throw Icicle
  3192 | D:4      | Reached XP level 6. HP: 22/28 MP: 5/12
  3345 | D:4      | Reached skill level 1 in Shields
  4042 | D:4      | Found a staircase to the Ecumenical Temple.
  4091 | Temple   | Entered the Ecumenical Temple
  4105 | Temple   | Became a worshipper of Vehumet
  4299 | D:4      | Reached skill level 6 in Ice Magic
  4299 | D:4      | Reached XP level 7. HP: 30/32 MP: 7/13
  4485 | D:4      | Noticed Pikel
  4497 | D:4      | Killed Pikel
  4497 | D:4      | Gained mutation: You have razor-sharp teeth. [Vine Stalker growth]
  4497 | D:4      | Reached XP level 8. HP: 36/36 MP: 4/15
  4504 | D:4      | Learned a level 4 spell: Summon Ice Beast
  4712 | D:5      | Entered Level 5 of the Dungeon
  4769 | D:5      | Reached skill level 7 in Ice Magic
  4973 | D:5      | Noticed a hippogriff
  4979 | D:5      | Killed a hippogriff
  4979 | D:5      | Reached skill level 5 in Spellcasting
  5178 | D:5      | Learned a level 4 spell: Summon Ice Beast
  5896 | D:6      | Reached skill level 8 in Ice Magic
  5991 | D:6      | Reached XP level 9. HP: 39/39 MP: 11/18
  6173 | D:6      | Reached * piety under Vehumet
  6173 | D:6      | Offered knowledge of Shock by Vehumet.
  6264 | D:6      | Found a shimmering altar of Xom.
  6375 | D:6      | Found a sparkling altar of Nemelex Xobeh.
  6644 | D:6      | HP: 1/39 [ogre/giant club (22)]
  6770 | D:6      | Reached skill level 5 in Conjurations
  6953 | D:7      | Found a flagged portal.
  7044 | Bailey   | Entered a bailey
  7204 | Bailey   | Reached skill level 9 in Ice Magic
  8117 | D:7      | Reached ** piety under Vehumet
  8117 | D:7      | Offered knowledge of Throw Flame by Vehumet.
  8124 | D:7      | Learned a level 2 spell: Throw Flame
  8623 | D:7      | Got a topaz-encrusted scale mail
  8634 | D:7      | Identified the +1 scale mail of the Forest {*Contam rF+ SInv} (You found it on level 7 of the Dungeon)
  8709 | D:7      | Gained mutation: Scrolls take you a little longer to read. [mutagenic glow]
  8732 | D:7      | Gained mutation: Armour fits poorly on your strangely shaped body. [mutagenic glow]
  8763 | D:7      | Lost mutation: Armour fits poorly on your strangely shaped body. [potion of cure mutation]
  8763 | D:7      | Lost mutation: Scrolls take you a little longer to read. [potion of cure mutation]
  8883 | D:7      | Reached skill level 1 in Staves
  8999 | D:7      | Reached XP level 10. HP: 39/44 MP: 11/20
  9389 | D:8      | Found Puriuwi's Food Emporium.
  9445 | D:8      | Reached skill level 1 in Fighting
  9573 | D:8      | Learned a level 1 spell: Apportation
  9739 | D:8      | Reached skill level 10 in Ice Magic
 10346 | D:8      | Offered knowledge of Searing Ray by Vehumet.
 10600 | D:5      | Learned a level 4 spell: Petrify
 10901 | D:9      | Reached skill level 1 in Earth Magic
 11082 | D:9      | Reached skill level 1 in Evocations
 11146 | D:9      | Reached *** piety under Vehumet
 11273 | D:9      | Found Kigip's Book Boutique.
 11664 | D:9      | Noticed a two-headed ogre
 11673 | D:9      | Killed a two-headed ogre
 12015 | D:9      | Upgraded the game from 0.20-a0-366-g03f3333 to 0.20-a0-369-g71b9d6e
 12058 | D:10     | Entered Level 10 of the Dungeon
 12148 | D:10     | Paralysed by a hornet for 2 turns
 12151 | D:10     | Paralysed by a hornet for 2 turns
 12152 | D:10     | HP: 1/46 [hornet (3)]
 12152 | D:10     | Slain by a quasit

Vault maps used:
D:1:      dpeg_arrival_long_road
D:2:      minitemple, lemuel_doored_altar, first_bread
D:3:      marbit_many_paths, lemuel_crystal_altar
D:4:      kennysheep_kobold_camp, uniq_pikel
D:6:      old_standard_altar, basic_altar
D:7:      enter_bailey_3
D:8:      serial_shops, nicolae_shop_crystal
D:9:      serial_shops, shop
D:10:     lair_entry_dummy, uniq_erica, uniq_erolcha
Temple:   corrupted_temple
Bailey:   bailey_axe_1, bailey

Skill      XL: |  1  2  3  4  5  6  7  8  9 10 |
---------------+-------------------------------+-----
Ice Magic      | 4 5 6 8 9 10 | 10.6
Spellcasting   | 3 4 5 6 7 |  7.4
Conjurations   | 2 3 4 5 6 |  6.6
Shields        | 1 2 3 4 |  4.7
Staves         | 1 |  1.0
Fighting       | 2 |  2.0
Dodging        | 2 |  2.0
Earth Magic    | 3 |  3.2
Evocations     | 1 |  1.0
Stealth        | |  2.4

Action                   |  1- 3 |  4- 6 |  7- 9 | 10-12 || total
-------------------------+-------+-------+-------+-------++-------
Melee: Unarmed           |     7 |    19 |       |       ||    26
       Bite              |     1 |   144 |    19 |    12 ||   176
       Short sword       |       |   269 |       |       ||   269
       Hand axe          |       |       |    76 |    59 ||   135
Throw: Javelin           |       |       |    11 |       ||    11
       Tomahawk          |       |       |    18 |       ||    18
 Cast: Freeze            |    62 |   125 |   160 |   124 ||   471
       Ozocubu's Armour  |       |       |     1 |       ||     1
       Throw Icicle      |       |       |    11 |     2 ||    13
       Throw Frost       |       |       |    29 |     8 ||    37
       Throw Flame       |       |       |    23 |    55 ||    78
       Summon Ice Beast  |       |       |       |     1 ||     1
  Use: Scroll            |     7 |     4 |     9 |     3 ||    23
       Potion            |       |       |     6 |     1 ||     7
 Stab: Sleeping          |     3 |     1 |     3 |     3 ||    10
       Invisible         |       |       |     2 |       ||     2
  Eat: Chunk             |     3 |     5 |    11 |     5 ||    24
       Bread ration      |       |     1 |       |       ||     1
       Fruit             |       |       |     2 |       ||     2
       Royal jelly       |       |       |     1 |     1 ||     2
       Meat ration       |       |       |     1 |       ||     1
       Pizza             |       |       |     1 |       ||     1
Armor: Robe              |     9 |    13 |    46 |    45 ||   113
Dodge: Dodged            |    35 |    47 |   112 |    74 ||   268
Block: Buckler           |       |       |    68 |    62 ||   130
